Map: Rhoskallian LE

Players

Goldensands - Winner!

  • Race: Terran Terran
  • Spawn Location: 5:00

Baderling - Winner!

  • Race: Zerg Zerg
  • League: Platinum
  • Spawn Location: 6:00

Massa

  • Race: Terran Terran
  • League: Platinum
  • Spawn Location: 11:00

qqq

  • Race: Protoss Protoss
  • League: Platinum
  • Spawn Location: 12:00

VOD

Have the link to the VOD?

Description

Time

  • Played on: Jan. 1, 2021, 2:58 p.m.
  • Length: 10:55
Show
View Real Time Build Order
Export as new Build Order

Goldensands Terran - Winner!

Build Orders:  

Get SALT Encoding   

  12  0:00  SCV  
  13  0:12  SCV  
  14  0:18  Supply Depot  
  14  0:25  SCV  
  15  0:39  SCV  
  15  0:40  Barracks  
  16  0:46  Refinery  
  16  0:51  SCV  
  17  1:04  SCV  
  18  1:16  SCV  
  19  1:29  Orbital Command  
  20  1:39  Marine  
  20  1:54  Bunker  
  20  1:57  SCV, Marine  
  22  2:10  Command Center  
  22  2:14  Marine  
  22  2:15  Factory  
  23  2:24  Supply Depot  
  23  2:30  Bunker  
  23  2:41  Barracks Tech Lab  
  23  2:45  SCV  
  24  2:52  Refinery  
  24  2:57  SCV  
  25  3:02  Marine  
  25  3:04  Factory Tech Lab  
  26  3:08  Starport  
  26  3:10  SCV  
  27  3:22  SCV  
  28  3:31  Siege Tank  
  31  3:39  SCV  
  32  3:44  Command Center  
  32  3:51  SCV  
  33  3:56  Marine  
  33  3:58  Medivac  
  33  4:00  Orbital Command  
  36  4:03  SCV  
  36  4:04  Stimpack  
  36  4:07  Orbital Command  
  37  4:10  Refinery  
  37  4:15  SCV  
  38  4:23  Marine  
  39  4:24  Cyclone  
  39  4:27  SCV  
  43  4:33  SCV  
  44  4:39  SCV  
  44  4:42  Marine  
  46  4:47  SCV, Medivac  
  46  4:51  SCV  
  50  4:55  Orbital Command  
  50  4:59  SCV  
  51  5:04  SCV  
  51  5:05  Marine  
  51  5:06  Siege Tank  
  56  5:11  SCV  
  57  5:16  SCV  
  57  5:20  Engineering Bay  
  57  5:21  Viking  
  60  5:22  SCV  
  60  5:23  SCV  
  60  5:28  SCV  
  63  5:30  Supply Depot  
  63  5:34  SCV, Marine  
  65  5:38  Barracks  
  65  5:41  SCV x2  
  67  5:44  Barracks  
  67  5:52  Siege Tank  
  67  5:53  Terran Infantry Weapons Level 1  
  67  5:55  SCV x2, Engineering Bay  
  67  5:56  SCV  
  73  6:07  SCV x2  
  75  6:16  Marine  
  75  6:18  SCV  
  77  6:21  Supply Depot  
  77  6:22  Supply Depot  
  77  6:23  Supply Depot  
  77  6:24  SCV x2, Viking  
  81  6:34  Marine  
  82  6:41  Marine x2  
  82  6:43  SCV x2, Siege Tank  
  82  6:44  SCV  
  90  6:51  Marine  
  90  6:53  Ghost Academy  
  91  6:59  Marine x2  
  91  7:01  SCV, Medivac  
  93  7:02  SCV  
  93  7:04  SCV  
  93  7:08  Refinery  
  96  7:09  Marine  
  96  7:10  Terran Infantry Armor Level 1  
  96  7:12  Armory  
  97  7:17  Marine x2  
  99  7:27  Marine  
  100  7:33  Siege Tank  
  100  7:34  Marine x2, Medivac  
  107  7:40  Supply Depot  
  107  7:41  Supply Depot  
  107  7:42  Supply Depot  
  107  7:45  Marine  
  107  7:47  Command Center  
  108  7:59  Terran Infantry Weapons Level 2  
  108  8:01  Personal Cloaking  
  108  8:11  Orbital Command  
  108  8:18  Medivac  
  108  8:19  Siege Tank  
  113  8:27  Marine x3  
  113  8:33  Terran Vehicle Weapons Level 1  
  116  8:35  Barracks  
  116  8:36  Barracks  
  116  8:37  Barracks  
  116  8:58  Marine x2  
  116  8:59  Marine  
  116  9:00  Starport Reactor, Siege Tank  
  122  9:16  Marine x2  
  120  9:17  Marauder  
  122  9:28  Combat Shield  
  122  9:29  Barracks  
  122  9:30  Barracks  
  122  9:34  Barracks, Marine x2  
  122  9:38  Marine  
  121  9:40  Siege Tank  
  124  9:46  Liberator  
  124  9:52  Marine x2  
  129  9:56  Marauder  
  124  10:10  Marine x2  
  123  10:18  Marauder  
  120  10:25  Command Center  
  120  10:27  Marine  
  120  10:28  Marine  
  127  10:36  SCV x2  
  127  10:38  Barracks Tech Lab x2  
Show
View Real Time Build Order
Export as new Build Order

Baderling Zerg - Winner!

Build Orders: Pool First, Muta Ling Bane 

Get SALT Encoding   

  12  0:00  Drone  
  13  0:13  Overlord  
  13  0:22  Drone  
  14  0:31  Drone  
  14  0:32  Drone  
  16  0:38  Drone  
  17  0:46  Drone  
  17  0:48  Extractor  
  17  0:51  Spawning Pool  
  16  1:14  Hatchery  
  16  1:16  Drone  
  16  1:20  Drone  
  16  1:24  Drone  
  19  1:47  Zergling x4  
  19  1:53  Spine Crawler, Queen  
  22  1:57  Overlord  
  22  2:05  Hatchery  
  21  2:11  Metabolic Boost  
  21  2:26  Zergling x6  
  24  2:40  Drone  
  25  3:01  Drone x2  
  27  3:10  Drone  
  27  3:11  Drone x2  
  30  3:18  Queen  
  32  3:23  Drone x2  
  32  3:26  Queen  
  36  3:29  Overlord  
  35  3:46  Drone  
  36  4:07  Drone x3  
  39  4:11  Hatchery  
  38  4:18  Lair  
  38  4:20  Drone  
  38  4:21  Drone  
  38  4:22  Hatchery  
  38  4:23  Extractor  
  38  4:33  Drone x5  
  43  4:47  Spore Crawler  
  43  4:49  Spore Crawler  
  43  4:50  Drone x3  
  44  5:07  Overlord x2  
  44  5:08  Overlord  
  44  5:20  Extractor x2  
  42  5:29  Spire  
  41  5:36  Spore Crawler  
  41  5:37  Spore Crawler  
  41  5:39  Spore Crawler  
  41  5:40  Drone x6, Spore Crawler  
  43  5:55  Overseer  
  43  6:02  Spire  
  42  6:05  Drone x5  
  42  6:07  Drone x2  
  49  6:16  Zergling x8  
  53  6:26  Baneling Nest  
  51  6:52  Zergling x2  
  51  6:53  Zergling x32  
  68  7:16  Drone x3  
  68  7:17  Evolution Chamber  
  68  7:18  Evolution Chamber  
  68  7:20  Spore Crawler  
  68  7:24  Zerg Flyer Weapons Level 1  
  68  7:25  Zerg Flyer Armor Level 1  
  68  7:27  Centrifical Hooks  
  68  7:35  Mutalisk  
  70  7:37  Overlord x3  
  70  7:41  Extractor  
  70  7:43  Extractor  
  68  8:14  Zerg Melee Weapons Level 1, Zerg Ground Armor Level 1  
  68  8:17  Drone x4  
  68  8:18  Drone x9  
  68  8:19  Drone  
  82  8:44  Baneling x14  
  82  8:45  Baneling x2  
  82  8:54  Drone x5  
  87  8:56  Drone x7  
  87  8:57  Drone  
  73  9:24  Mutalisk x4  
  73  9:25  Mutalisk x2  
  84  9:37  Baneling x5  
  84  9:39  Mutalisk  
  84  9:40  Mutalisk  
  88  9:49  Extractor, Drone x2  
  88  9:50  Drone x3, Extractor  
  91  10:00  Mutalisk  
  91  10:01  Mutalisk  
  91  10:03  Overlord x5  
  95  10:11  Overlord  
  95  10:12  Overlord  
Show
View Real Time Build Order
Export as new Build Order

Massa Terran 

Build Orders: 1/1/1 

Get SALT Encoding   

  12  0:00  SCV  
  13  0:12  SCV  
  14  0:25  SCV  
  14  0:26  Supply Depot  
  15  0:30  Refinery  
  15  0:47  SCV  
  15  0:48  Barracks  
  16  0:54  Refinery  
  16  1:00  SCV  
  17  1:12  SCV  
  18  1:24  SCV  
  19  1:36  Supply Depot  
  19  1:38  Marine  
  19  1:39  Factory  
  20  1:52  Orbital Command  
  20  2:19  Reaper  
  20  2:20  Supply Depot x2  
  21  2:29  Starport  
  21  2:36  SCV  
  22  2:39  Factory Tech Lab  
  22  2:51  Marine  
  23  3:07  Command Center  
  23  3:13  Barracks  
  23  3:17  Starport Tech Lab  
  23  3:19  Marine  
  24  3:25  Siege Tank  
  27  3:31  SCV  
  28  3:39  Medivac  
  30  3:41  Marine  
  31  3:55  Supply Depot  
  31  3:58  Supply Depot  
  31  3:59  Marine  
  31  4:01  Supply Depot  
  32  4:14  Barracks Tech Lab  
  32  4:17  Marine, Medivac  
  32  4:19  Widow Mine  
  32  4:22  SCV  
  38  4:24  SCV  
  39  4:33  Marine  
  39  4:34  Marine  
  39  4:36  Refinery  
  41  4:40  SCV  
  41  4:44  Orbital Command  
  42  4:52  SCV  
  43  4:53  Stimpack  
  43  4:56  Marine x2  
  45  5:04  SCV  
  46  5:11  Raven  
  48  5:14  Marine x2  
  48  5:16  SCV  
  48  5:17  SCV  
  52  5:32  Marine x2  
  52  5:35  Supply Depot  
  54  5:37  Supply Depot  
  54  5:41  Engineering Bay  
  54  5:44  SCV x2  
  56  5:50  Marine  
  56  5:51  Marauder  
  59  6:08  Marine  
  60  6:12  Marauder  
  60  6:13  Barracks  
  60  6:16  Missile Turret  
  62  6:18  Missile Turret  
  62  6:20  SCV x2  
  64  6:26  Marine  
  65  6:33  Marauder  
  67  6:43  Marine  
  68  7:11  SCV x2  
  68  7:12  Marauder, Marine  
  68  7:15  Marine  
  74  7:23  SCV x2  
  74  7:29  Marine  
  76  7:30  Viking  
  76  7:32  Marine  
  76  7:33  Marauder  
  82  7:47  Marine  
  82  7:50  Marine  
  84  7:54  Marine  
  83  8:00  Viking  
  83  8:05  Marine  
  85  8:08  Marine  
  85  8:10  Command Center  
  88  8:12  Marauder  
  88  8:23  Marine  
  88  8:26  Marine  
  90  8:27  Starport  
  90  8:30  Terran Infantry Weapons Level 1  
  90  8:31  Supply Depot x2  
  90  8:33  Supply Depot  
  90  8:34  Armory, Marauder  
  92  8:36  Engineering Bay  
  92  8:49  Viking  
  92  8:55  Marauder, Supply Depot  
  87  9:26  Siege Tank  
  90  9:45  Marauder, Marine x2  
  94  9:58  Siege Tank  
  97  10:03  Marine x2  
  97  10:06  Marauder  
  99  10:19  Viking  
  99  10:20  Marine  
  101  10:27  Marauder  
Show
View Real Time Build Order
Export as new Build Order

qqq Protoss 

Build Orders:  

Get SALT Encoding   

  12  0:01  Probe  
  13  0:26  Pylon  
  13  0:29  Probe  
  14  0:41  Probe  
  15  0:56  Pylon, Forge  
  15  1:01  Probe  
  16  1:28  Photon Cannon  
  16  1:38  Pylon  
  16  1:46  Pylon  
  16  1:54  Pylon  
  16  2:06  Photon Cannon  
  15  2:17  Photon Cannon  
  15  2:20  Photon Cannon  
  15  2:29  Photon Cannon  
  14  2:44  Probe  
  15  2:54  Assimilator  
  15  2:56  Nexus  
  15  2:58  Assimilator  
  15  3:03  Photon Cannon  
  15  3:07  Gateway  
  15  3:12  Probe (Chrono Boost)  
  16  3:21  Probe (Chrono Boost)  
  16  3:26  Probe (Chrono Boost)  
  17  3:33  Pylon  
  18  3:38  Probe (Chrono Boost)  
  19  3:48  Probe (Chrono Boost)  
  20  3:53  Probe (Chrono Boost)  
  21  3:59  Nexus  
  21  4:05  Probe  
  21  4:07  Pylon  
  22  4:10  Probe  
  22  4:17  Probe  
  24  4:23  Probe  
  25  4:24  Pylon  
  25  4:34  Cybernetics Core  
  25  4:41  Probe x2  
  27  4:53  Probe x2  
  27  4:57  Photon Cannon  
  29  5:05  Pylon  
  29  5:08  Zealot  
  31  5:16  Twilight Council  
  31  5:17  Probe  
  31  5:20  Probe  
  33  5:29  Probe  
  33  5:32  Probe, Stargate  
  35  5:41  Probe  
  35  5:42  Probe  
  37  5:44  Probe  
  37  5:48  Assimilator  
  38  5:53  Probe  
  38  5:54  Probe  
  38  5:57  Probe  
  41  6:00  Templar Archives  
  41  6:05  Protoss Ground Weapons Level 1  
  41  6:09  Probe  
  41  6:10  Probe x2  
  44  6:18  Phoenix (Chrono Boost)  
  46  6:21  Probe  
  46  6:22  Probe x2  
  49  6:27  Gateway  
  49  6:34  Probe x3  
  52  6:46  Probe x3  
  55  6:53  Gateway  
  55  6:55  Gateway  
  55  6:58  Probe, Pylon  
  56  7:04  Assimilator  
  56  7:06  High Templar  
  58  7:10  Assimilator  
  58  7:16  Psionic Storm  
  58  7:17  Probe x2  
  58  7:21  Probe  
  61  7:25  Assimilator  
  63  7:30  High Templar  
  63  7:33  Probe  
  64  7:45  Probe, High Templar  
  67  7:54  High Templar, Stalker  
  67  7:57  Probe  
  72  7:58  Nexus  
  72  8:02  Pylon  
  72  8:05  Pylon  
  72  8:09  Probe, Stalker  
  75  8:13  Protoss Ground Armor Level 1  
  75  8:17  Photon Cannon, Archon  
  75  8:20  Shield Battery  
  75  8:22  Probe  
  75  8:23  Shield Battery  
  75  8:24  High Templar, Zealot  
  75  8:27  Photon Cannon  
  80  8:33  High Templar  
  82  8:34  Probe  
  82  8:39  High Templar  
  85  8:46  Probe  
  86  8:48  Gateway  
  86  8:51  Stalker  
  86  8:52  Gateway  
  82  8:58  Probe  
  80  9:03  Zealot, Robotics Facility  
  79  9:10  Probe  
  79  9:12  Zealot  
  72  9:18  Zealot  
  72  9:21  Zealot  
  62  9:30  Zealot  
  58  9:32  Archon  
  58  9:37  Zealot  
  50  9:39  Zealot  
  50  9:45  Zealot  
  46  9:48  Probe x2, Stalker  
  48  9:57  Stalker  
  48  9:58  Immortal  
  52  10:00  Probe x2  
  52  10:04  High Templar  
  52  10:07  High Templar  
  56  10:12  Probe, High Templar  
  59  10:16  Pylon  
  59  10:19  Probe  
  59  10:21  Probe  
  61  10:24  Probe  
  62  10:31  Probe  
  63  10:36  Probe  
  61  10:43  Probe  
Tags
 
Add a new tag
Caveats
  • Supply blocks, unpowered buildings, or Contaminate may cause inaccurate times.
  • Supply counts are checked every 10 seconds.